 Dungeon Crawl Stone Soup version 0.22-a0-580-gd5db89c (webtiles) character file.

1006 opiumtea the Magician (level 8, -10/41 HPs)
             Began as a Deep Elf Fire Elementalist on July 1, 2018.
             Was a Believer of Vehumet.
             Killed from afar by a hound skeleton (48 damage)
             ... with an exploding inner flame
             ... hexed by the player character
             ... on level 6 of the Dungeon on July 2, 2018.
             The game lasted 00:32:31 (8021 turns).

opiumtea the Magician (Deep Elf Fire Elementalist)  Turns: 8021, Time: 00:32:32

Health: -10/41     AC:  6    Str:  5    XL:     8   Next: 0%
Magic:  13/19      EV: 13    Int: 23    God:    Vehumet [**....]
Gold:   224        SH:  0    Dex: 18    Spells: 2/20 levels left

rFire    . . .     SeeInvis .   t - +3 dagger (vamp)
rCold    + . .     Gourm    .   (no shield)
rNeg     . . .     Faith    .   d - +0 robe
rPois    .         Spirit   .   (no helmet)
rElec    .         Reflect  .   (no cloak)
rCorr    .         Harm     .   A - +2 pair of gloves
MR       .....                  f - +0 pair of boots
Stlth    ++........             (no amulet)
HPRegen  0.13/turn              s - +3 ring of dexterity
MPRegen  0.16/turn              l - ring of protection from cold

@: no status effects
A: no striking features
a: Renounce Religion


You were on level 6 of the Dungeon.
You worshipped Vehumet.
Vehumet was pleased with you.
You were not hungry.

You visited 1 branch of the dungeon, and saw 6 of its levels.

You collected 224 gold pieces.

Inventory:

Hand Weapons
 a - a +0 dagger
 t - a +3 vampiric dagger (weapon)
Missiles
 m - 216 stones (quivered)
Armour
 d - a +0 robe (worn)
 f - a +0 pair of boots (worn)
 p - a +0 buckler
 A - a +2 pair of gloves (worn)
Jewellery
 l - a ring of protection from cold (right hand)
 s - a +3 ring of dexterity (left hand)
 y - an uncursed ring of fire {unknown}
Wands
 x - a wand of polymorph (9)
 z - a wand of flame (12)
Scrolls
 b - 2 scrolls of amnesia
 c - a scroll of magic mapping
 q - 2 scrolls of teleportation
 w - a scroll of immolation
Potions
 e - 2 potions of ambrosia
 g - a potion of heal wounds {unknown}
 h - 3 potions of lignification
 i - 2 potions of curing {unknown}
 j - 2 potions of invisibility
 k - 2 potions of haste
 n - a potion of flight {unknown}
 o - a potion of resistance {unknown}
 r - a potion of agility {unknown}
 u - a potion of degeneration {unknown}
Comestibles
 v - 8 rations


   Skills:
 - Level 2.4 Dodging
 - Level 2.4 Stealth
 - Level 6.5 Spellcasting
 - Level 5.1 Conjurations
 - Level 6.3 Hexes
 + Level 5.7 Fire Magic


You had 2 spell levels left.
You knew the following spells:

 Your Spells              Type           Power        Failure   Level  Hunger
a - Flame Tongue          Conj/Fire      ####.        1%          1    None
b - Throw Flame           Conj/Fire      ####..       1%          2    None
c - Conjure Flame         Conj/Fire      ####....     2%          3    None
d - Inner Flame           Hex/Fire       #####...     1%          3    None
e - Sticky Flame          Conj/Fire      ####....     9%          4    ###....
f - Fireball              Conj/Fire      ####......   24%         5    #####..

Your spell library contained the following spells:

 Spells                   Type           Power        Failure   Level  Hunger
 Confuse                  Hex            #####...     1%          3    None
 Confusing Touch          Hex            #####.       1%          1    None
 Metabolic Englaciation   Hex/Ice        ###.......   52%         5    #####..
 Petrify                  Tmut/Erth      #.......     63%         4    ###....
 Gell's Gravitas          Tloc           #.........   24%         3    None
 Yara's Violent Unravell  Hex/Tmut       ###.......   52%         5    #####..


Dungeon Overview and Level Annotations

Branches:
Dungeon (6/15)             Temple (0/1) D:5

Altars:
Fedhas
Kikubaaqudgha
Okawaru
Sif Muna
Vehumet
Zin
The Shining One

Annotations:
D:5 1 runed door, inc's ghost, amateur OpIE


Message History

Confirm with . or Enter, or press ? or * to list all spells.
Aiming: Inner Flame (safe; 1% risk of failure)
Press: ? - help, Shift-Dir - straight line, f - hound skeleton
Aim: a hound skeleton (chance to defeat MR: 94%)
The hound skeleton is filled with an inner flame.
Press: ? - help, v - describe, . - travel
Here: a hound skeleton (flame, inner flame)
The floor.
The hound skeleton is engulfed in blazing flames.
The hound skeleton bites you.
The hound skeleton is engulfed in blazing flames.
The hound skeleton closely misses you.
The hound skeleton is engulfed in blazing flames.
The hound skeleton explodes!
The fiery explosion engulfs the orc.
You kill the orc!
Vehumet accepts your kill. The fiery explosion engulfs you!
Ouch! That really hurt!
You die...

#.....#...##..#...#...
#........## #.....#.. .
...##....# ....... <.
#.#####..# ..........?
..# #..# ...#...(.# ###
#..# #.)#.%...#
#####..#### #§§.o....##
#.........# #§#...o....
#.........####@# ....o..
#..............##......#
#..............#..?#..
##########.......### #
#.....### #.....#
#........# ..........#
#..##.....#


There were no monsters in sight!

Vanquished Creatures
  A water moccasin (D:4)
  A phantom (D:5)
  An ogre (D:6)
  A scorpion (D:4)
  2 bullfrog zombies (D:5)
  A crimson imp (D:5)
  7 orc priests
  2 orc wizards (D:4)
  A centaur skeleton (D:5)
  3 worker ants
  A hound skeleton (D:6)
  A worker ant zombie (D:5)
  A howler monkey skeleton (D:5)
  4 adders
  A shadow imp (D:4)
  2 oozes
  An adder zombie (D:6)
  4 worms
  A dart slug (D:3)
  4 leopard geckos
  23 orcs
  9 bats
  4 giant cockroaches
  5 goblins
  7 hobgoblins
  3 jackals (D:5)
  3 ball pythons
  4 frilled lizards
  8 kobolds
  6 rats
112 creatures vanquished.

Notes
Turn   | Place    | Note
-------+----------+-------------------------------------------
     0 | D:1      | opiumtea the Deep Elf Fire Elementalist began the quest for the Orb.
     0 | D:1      | Reached XP level 1. HP: 10/10 MP: 6/6
   228 | D:1      | Reached XP level 2. HP: 14/15 MP: 1/9
   232 | D:1      | Learned a level 2 spell: Throw Flame
  1071 | D:1      | Reached XP level 3. HP: 19/19 MP: 7/11
  1076 | D:1      | Learned a level 3 spell: Conjure Flame
  1080 | D:1      | Learned a level 3 spell: Inner Flame
  1418 | D:1      | Reached skill level 5 in Spellcasting
  2032 | D:2      | Reached XP level 4. HP: 24/24 MP: 3/13
  2038 | D:2      | Learned a level 4 spell: Sticky Flame
  2117 | D:2      | Found a faded altar of an unknown god.
  2334 | D:2      | Found an iron altar of Okawaru.
  2334 | D:2      | Found a radiant altar of Vehumet.
  2339 | D:2      | Found a deep blue altar of Sif Muna.
  2342 | D:2      | Became a worshipper of Vehumet
  2345 | D:2      | Found a faded altar of an unknown god.
  2347 | D:2      | Found a glowing silver altar of Zin.
  3557 | D:3      | Reached XP level 5. HP: 26/28 MP: 13/16
  4641 | D:4      | Found a glowing golden altar of the Shining One.
  4673 | D:4      | Reached XP level 6. HP: 32/32 MP: 15/17
  4912 | D:4      | Reached * piety under Vehumet
  4912 | D:4      | Offered knowledge of Freeze by Vehumet.
  4918 | D:4      | Reached skill level 5 in Conjurations
  5101 | D:4      | Learned a level 5 spell: Fireball
  5105 | D:4      | Reached skill level 1 in Hexes
  5353 | D:4      | Noticed Sigmund
  5531 | D:4      | Noticed Sigmund
  5531 | D:4      | Sigmund changed into Sigmund the water moccasin
  5535 | D:4      | Killed Sigmund the water moccasin
  5824 | D:4      | Reached XP level 7. HP: 36/36 MP: 9/18
  5901 | D:5      | Entered Level 5 of the Dungeon
  5945 | D:5      | Found a runed door.
  5948 | D:5      | Noticed inc's ghost (amateur OpIE)
  6088 | D:5      | Found a blossoming altar of Fedhas.
  6111 | D:5      | Reached skill level 5 in Hexes
  6136 | D:5      | Found a staircase to the Ecumenical Temple.
  6945 | D:5      | Found an ancient bone altar of Kikubaaqudgha.
  7754 | D:6      | Upgraded the game from 0.22-a0-571-g4a923d4 to 0.22-a0-580-gd5db89c
  7840 | D:6      | Reached skill level 5 in Fire Magic
  7918 | D:6      | Offered knowledge of Throw Frost by Vehumet.
  7922 | D:6      | Reached ** piety under Vehumet
  7922 | D:6      | Reached XP level 8. HP: 41/41 MP: 6/19
  8021 | D:6      | Killed from afar by a hound skeleton

Vault maps used:
D:1:      evilmike_arrival_rings, hangedman_feature_mirror
D:2:      chequers_temple_overflow_minitemple, first_ration,
          chequers_ecumenical_altar_island, hangedman_decor_growths
D:3:      grunt_decor_clamped, mrwooster_statue_mirror
D:4:      serial_curves, eino_curves_02, eino_curves_01,
          nicolae_tso_carved_into_rock, uniq_sigmund
D:5:      grunt_temple_overflow_growth_and_decay, temple_pool_b,
          hellmonk_ghost_happy_afterlife

Skill      XL: |  1  2  3  4  5  6  7 |
---------------+----------------------+-----
Spellcasting   | 4 5 6 |  6.5
Conjurations   | 2 4 5 |  5.1
Hexes          | 4 6 |  6.3
Fire Magic     | 5 |  5.7
Dodging        | |  2.4
Stealth        | |  2.4

Action                   |  1- 3 |  4- 6 |  7- 9 || total
-------------------------+-------+-------+-------++-------
Melee: Dagger            |     3 |    10 |   116 ||   129
Throw: Stone             |     6 |     1 |     1 ||     8
 Cast: Flame Tongue      |    68 |    96 |    41 ||   205
       Throw Flame       |     3 |    21 |     7 ||    31
       Conjure Flame     |     2 |     6 |     4 ||    12
       Inner Flame       |       |     6 |     3 ||     9
       Sticky Flame      |       |     2 |     5 ||     7
Evoke: Wand              |       |     2 |       ||     2
  Use: Scroll            |       |    13 |     2 ||    15
 Stab: Sleeping          |     3 |     3 |       ||     6
  Eat: Chunk             |     3 |    10 |     4 ||    17
       Ration            |     2 |       |     1 ||     3
Armor: Robe              |     7 |     5 |    38 ||    50
Dodge: Dodged            |    19 |    39 |    79 ||   137

Table legend:
 A = Spawn XP
 B = Non-spawn XP
 C = Spawn XP percentage of total XP
 D = Spawn monster count
 E = Non-spawn monster count
 F = Spawn count percentage of total count
 G = Total turns spent on level
                    A         B        C        D         E        F      G
               +---------+---------+-------+---------+---------+-------+---------
         Total |       0 |    1438 |   0.0 |       0 |     112 |   0.0 |  8021
               +---------+---------+-------+---------+---------+-------+---------
           D:1 |       0 |      45 |   0.0 |       0 |      26 |   0.0 |  1500
           D:2 |       0 |      56 |   0.0 |       0 |      15 |   0.0 |  1074
           D:3 |       0 |     109 |   0.0 |       0 |      23 |   0.0 |  1865
           D:4 |       0 |     538 |   0.0 |       0 |      24 |   0.0 |  1462
           D:5 |       0 |     373 |   0.0 |       0 |      11 |   0.0 |  1644
           D:6 |       0 |     317 |   0.0 |       0 |      13 |   0.0 |   476
               +---------+---------+-------+---------+---------+-------+---------
